Map: Jagannatha LE

Players

FloatingZerg

  • Race: Zerg Zerg
  • League: Gold

Vik - Winner!

  • Race: Terran Terran
  • League: Gold

VOD

Have the link to the VOD?

Description

Weird HydraViper Vs BioTank+

Time

  • Played on: Aug. 17, 2021, 5:30 a.m.
  • Length: 37:28
Show
View Real Time Build Order
Export as new Build Order

FloatingZerg Zerg 

Build Orders: Pool First 

Get SALT Encoding   

  12  0:01  Drone  
  13  0:13  Overlord  
  13  0:18  Drone  
  14  0:31  Drone x2  
  16  0:36  Drone  
  17  0:47  Spawning Pool  
  16  0:50  Drone  
  17  1:08  Drone  
  17  1:09  Drone  
  19  1:11  Extractor  
  18  1:30  Overlord x2  
  18  1:35  Queen  
  20  1:44  Zergling x2  
  21  2:11  Zergling x4  
  23  2:16  Hatchery  
  23  2:17  Drone  
  23  2:26  Drone  
  24  2:30  Hatchery  
  23  2:38  Drone  
  24  2:57  Queen  
  26  3:03  Extractor, Drone  
  26  3:04  Drone x2  
  29  3:05  Drone  
  29  3:15  Overlord  
  29  3:25  Baneling Nest  
  28  3:30  Drone x2  
  29  3:40  Metabolic Boost  
  29  3:45  Queen  
  29  3:46  Queen  
  33  3:50  Zergling x4  
  35  3:59  Queen  
  36  4:23  Queen  
  38  4:27  Drone x5  
  43  4:33  Drone x2  
  45  4:49  Lair  
  45  4:59  Overlord  
  45  5:00  Drone x3  
  45  5:01  Drone x2  
  50  5:25  Drone x2  
  50  5:26  Drone x2  
  54  5:28  Drone x2  
  54  5:29  Drone x7  
  63  5:42  Evolution Chamber x2  
  61  5:46  Spore Crawler  
  61  5:48  Drone x3  
  63  5:51  Drone x3  
  63  5:54  Overlord x2  
  66  6:16  Zergling x2  
  66  6:17  Zergling x22  
  76  6:29  Spine Crawler  
  76  6:30  Spine Crawler  
  76  6:31  Spine Crawler  
  73  6:34  Zergling x10  
  72  6:47  Zergling x14  
  78  6:57  Roach Warren  
  77  7:09  Zergling x10  
  77  7:13  Overlord x5  
  82  7:16  Zerg Missile Weapons Level 1  
  82  7:17  Zerg Ground Armor Level 1  
  82  7:23  Overlord x3  
  82  7:41  Zergling x2  
  82  7:42  Zergling x10, Hatchery  
  70  8:28  Overseer  
  70  8:34  Hydralisk Den  
  70  8:38  Queen  
  70  8:39  Queen  
  73  8:43  Extractor  
  73  8:44  Drone  
  73  8:45  Drone x7  
  73  8:46  Extractor  
  73  8:47  Drone x2  
  73  8:48  Drone  
  82  8:49  Drone x3  
  82  8:52  Drone x2  
  87  8:56  Extractor  
  87  8:57  Spore Crawler  
  87  8:58  Extractor  
  87  9:00  Spore Crawler  
  83  9:10  Glial Reconstitution  
  83  9:12  Zerg Ground Armor Level 2, Zerg Missile Weapons Level 2  
  83  9:25  Drone x3  
  83  9:28  Drone x3  
  89  10:03  Drone x13  
  89  10:04  Drone x6  
  108  10:22  Overlord x3  
  108  10:24  Overseer  
  100  10:38  Hatchery  
  84  11:15  Drone  
  84  11:16  Drone x2  
  87  11:22  Drone  
  87  11:23  Drone x3  
  91  11:29  Drone x3  
  91  11:31  Drone x2  
  96  11:36  Spore Crawler  
  95  11:40  Spore Crawler  
  94  11:50  Infestation Pit  
  94  11:51  Muscular Augments  
  93  12:09  Extractor  
  93  12:11  Extractor  
  93  12:13  Spore Crawler  
  90  12:17  Spore Crawler  
  90  12:21  Spore Crawler  
  88  12:24  Drone  
  88  12:25  Drone x6  
  88  12:26  Drone, Overlord  
  88  12:27  Overlord x3  
  96  12:30  Hive  
  96  12:32  Pneumatized Carapace  
  96  12:34  Pathogen Glands  
  96  12:47  Hatchery  
  96  12:51  Drone x3  
  97  12:57  Drone x2  
  100  13:00  Hydralisk x10  
  100  13:01  Hydralisk x12  
  144  13:46  Hydralisk x7  
  144  13:47  Hydralisk x8  
  145  14:10  Roach x4  
  106  14:31  Viper x3  
  106  14:38  Hydralisk x10  
  133  15:09  Spore Crawler  
  128  15:20  Roach  
  128  15:21  Roach x14  
  164  15:57  Roach x12  
  181  16:06  Extractor  
  112  16:48  Viper x4  
  112  16:53  Roach  
  112  16:54  Roach x16  
  150  16:58  Queen  
  150  16:59  Queen  
  162  17:08  Extractor  
  161  17:10  Extractor  
  160  17:18  Overseer  
  159  17:40  Hatchery  
  158  17:49  Roach x15  
  158  17:50  Roach x6  
  200  18:19  Zerg Missile Weapons Level 3, Zerg Ground Armor Level 3  
  200  18:21  Neural Parasite  
  150  19:50  Drone x10  
  150  19:51  Drone x7  
  167  20:03  Roach x8  
  167  20:04  Roach x8  
  193  20:53  Hydralisk x3  
  123  22:30  Roach x19  
  123  22:31  Roach x14  
  158  23:37  Hydralisk x2  
  158  23:38  Hydralisk x7  
  158  23:39  Hydralisk x9  
  194  23:44  Hatchery  
  194  23:45  Extractor  
  194  23:47  Extractor  
  191  24:15  Hydralisk  
  191  24:16  Hydralisk x3  
  102  25:15  Hydralisk x20  
  102  25:16  Hydralisk x2  
  133  25:35  Viper x4  
  131  26:03  Queen  
  133  26:25  Drone x2  
  135  26:26  Drone x3  
  135  26:27  Drone  
  135  26:28  Drone  
  140  26:43  Spine Crawler  
  140  26:46  Spore Crawler  
  138  26:53  Roach  
  138  26:54  Roach x29  
  170  26:55  Roach  
  200  27:37  Overseer  
  200  27:39  Hatchery  
  200  27:41  Extractor, Overseer  
  200  27:43  Extractor  
  197  28:31  Roach  
  104  29:10  Roach x17  
  104  29:11  Roach x23  
  168  29:45  Hydralisk x13  
  168  29:46  Hydralisk x3  
  137  30:09  Hydralisk  
  137  30:10  Hydralisk x15  
  89  31:20  Viper  
  89  31:21  Viper  
  89  31:24  Hydralisk x10  
  89  31:25  Hydralisk x3  
  121  31:26  Hatchery  
  120  32:10  Hatchery  
  120  32:11  Roach x17  
  120  32:12  Roach, Extractor  
  154  32:35  Hydralisk x11  
  154  32:36  Hydralisk x4  
  184  32:37  Extractor  
  184  32:40  Spine Crawler x2  
  181  32:52  Hydralisk  
  181  32:53  Hydralisk x8  
  91  33:38  Viper x3  
  98  33:43  Roach x2  
  98  33:44  Roach x21  
  112  33:57  Roach  
  112  33:58  Roach x4  
  102  34:15  Roach x8  
  69  34:28  Queen  
  69  34:34  Queen  
  69  34:51  Spire  
  64  35:06  Queen  
  66  35:11  Queen  
  34  36:03  Mutalisk x10  
  34  36:04  Mutalisk x5  
  34  36:08  Mutalisk x3  
Show
View Real Time Build Order
Export as new Build Order

Vik Terran - Winner!

Build Orders:  

Get SALT Encoding   

  12  0:01  SCV  
  13  0:15  Supply Depot  
  13  0:18  SCV  
  14  0:31  SCV  
  14  0:33  Refinery  
  15  0:46  Barracks  
  15  0:50  SCV  
  16  1:03  Engineering Bay  
  16  1:07  SCV  
  17  1:28  SCV  
  18  1:35  Barracks  
  18  1:38  Refinery  
  18  1:47  Reaper  
  19  2:04  SCV  
  19  2:07  Supply Depot  
  20  2:16  Factory  
  20  2:25  Reaper  
  20  2:27  Reaper  
  22  2:39  Orbital Command  
  22  2:58  Reaper  
  23  2:59  Reaper  
  23  3:01  Factory Tech Lab  
  24  3:13  Supply Depot  
  24  3:24  SCV  
  25  3:27  Siege Tank  
  28  3:47  Reaper x2  
  30  3:53  Starport  
  30  3:58  SCV  
  30  4:10  SCV  
  31  4:21  Reaper x2  
  31  4:22  SCV  
  34  4:32  Armory  
  34  4:34  SCV  
  34  4:37  Command Center  
  35  4:40  Starport Reactor  
  35  4:44  Supply Depot  
  35  4:51  SCV  
  36  4:55  Widow Mine  
  36  4:59  Barracks Reactor  
  38  5:00  Barracks Tech Lab  
  38  5:10  Engineering Bay  
  38  5:11  Supply Depot  
  38  5:39  SCV  
  38  5:42  Marine x2  
  41  5:43  Marauder  
  41  5:45  Thor  
  48  7:04  Widow Mine  
  50  7:08  Liberator x2  
  50  7:11  Marine x2, Marauder  
  50  7:12  Stimpack  
  50  7:15  SCV  
  61  7:18  Orbital Command  
  61  7:25  Widow Mine  
  61  7:27  SCV  
  64  7:39  SCV  
  45  8:24  Marine x2  
  45  8:25  Marauder  
  45  8:26  Widow Mine  
  51  8:28  Liberator x2  
  51  8:30  SCV x2  
  59  8:34  Terran Infantry Weapons Level 1  
  59  8:42  SCV x2  
  59  8:44  Drilling Claws  
  59  8:53  Marine  
  60  9:01  Barracks  
  60  9:03  Barracks x2  
  60  9:07  Refinery x2  
  60  9:12  Terran Vehicle Weapons Level 1  
  60  9:18  Command Center  
  60  9:40  Marine x2  
  60  9:41  Marauder  
  60  9:43  Widow Mine, Liberator  
  69  9:49  SCV  
  70  9:55  Barracks, Engineering Bay  
  70  10:14  SCV x2  
  70  10:30  SCV  
  68  11:01  Marine x2  
  68  11:02  Marine  
  68  11:03  Thor  
  71  11:05  Liberator  
  71  11:06  Liberator  
  71  11:08  SCV x2  
  76  11:15  Planetary Fortress  
  76  11:20  SCV x2, Marauder  
  76  11:21  Barracks Reactor, Barracks Tech Lab, Refinery  
  80  11:29  Barracks Reactor  
  80  11:32  SCV x2  
  82  11:36  Barracks Reactor  
  82  11:39  Command Center  
  82  11:41  Barracks  
  82  11:50  Marine  
  82  11:51  Marine  
  84  11:56  Combat Shield  
  84  11:58  Marine  
  85  12:05  Supply Depot  
  85  12:06  Supply Depot x2  
  85  12:07  Supply Depot  
  85  12:10  Marine x4, SCV x3  
  92  12:16  Marine  
  92  12:22  Terran Vehicle And Ship Armor Level 1  
  93  12:26  Marine x5, Terran Infantry Armor Level 1  
  93  12:27  Thor, SCV  
  93  12:28  Marine x2  
  107  12:30  Refinery  
  107  12:31  SCV x2  
  109  12:41  Marine x2  
  109  12:42  Marine x2  
  113  12:44  Marine x2  
  115  13:05  Command Center  
  115  13:10  Siege Tank, Liberator x2  
  115  13:11  Marine x3  
  115  13:12  Marine x4  
  131  13:14  Terran Infantry Weapons Level 2  
  131  13:29  Marine x3  
  131  13:30  Refinery  
  134  13:35  Refinery  
  134  13:42  Thor  
  134  13:47  Refinery  
  140  13:51  Refinery  
  97  14:26  Marine x7  
  97  14:27  Marine x4  
  97  14:28  Siege Tank  
  111  14:34  SCV  
  111  14:35  SCV x2  
  111  14:36  Factory  
  114  14:39  Factory  
  114  14:42  Orbital Command  
  114  14:43  Marine  
  114  14:44  Marine  
  116  14:46  SCV  
  116  14:47  SCV  
  118  15:00  Siege Tank  
  121  15:07  SCV x3  
  121  15:08  SCV  
  121  15:09  Marine x3  
  127  15:19  SCV x2  
  127  15:31  Marine x4  
  127  15:32  Marine x6, Marauder  
  127  15:35  Medivac  
  141  15:38  Medivac  
  141  15:42  Factory Tech Lab  
  143  15:49  Marine x3, SCV x2  
  148  15:50  SCV x2  
  148  15:54  Supply Depot  
  150  16:00  Marine x5  
  155  16:16  Widow Mine  
  130  16:37  Marine x2  
  130  16:38  Marine x7  
  130  16:39  Marine x2  
  87  16:48  Planetary Fortress  
  87  16:49  SCV  
  87  16:50  SCV x3  
  91  16:55  Marine x4  
  91  16:56  Marine x6  
  91  16:57  Marine  
  91  17:00  Factory Tech Lab  
  102  17:04  Terran Infantry Weapons Level 3  
  102  17:05  Terran Infantry Armor Level 2  
  102  17:13  Marine x5  
  102  17:14  Marine  
  108  17:17  Supply Depot  
  108  17:18  Supply Depot x2  
  108  17:21  SCV x4  
  112  17:25  SCV  
  112  17:28  Siege Tank  
  116  17:32  Siege Tank  
  116  17:33  SCV  
  116  17:35  Siege Tank  
  123  17:38  Terran Vehicle Weapons Level 2  
  121  17:52  Medivac x2  
  121  17:57  Concussive Shells  
  125  17:59  Marine x2, Marauder  
  125  18:00  Siege Tank  
  125  18:01  Barracks Tech Lab  
  125  18:02  Reaper, Marine  
  125  18:04  Marine x5, Siege Tank  
  142  18:07  Siege Tank  
  145  18:17  Marine  
  146  18:20  Marine  
  147  18:32  Siege Tank  
  150  18:34  Marauder  
  150  18:35  Marine  
  150  18:36  Marine, Siege Tank  
  150  18:37  Marine x4  
  150  18:38  Marine  
  150  18:39  Medivac x2  
  166  18:50  Refinery  
  166  18:51  Refinery  
  166  18:52  Command Center  
  166  19:02  Armory  
  114  19:18  Marine x5  
  114  19:19  Marine x5  
  114  19:20  Marauder  
  94  19:34  Siege Tank  
  94  19:35  Marine, Siege Tank  
  94  19:36  Marine x6  
  94  19:37  Marine, Marauder  
  94  19:38  Marauder  
  112  19:41  Marauder  
  104  19:53  Marine  
  104  19:54  Marine x5  
  104  19:59  Marauder x2  
  114  20:01  Marine  
  114  20:02  Marine  
  114  20:03  Marauder  
  118  20:07  Planetary Fortress  
  118  20:11  Marine x3  
  118  20:12  Marine  
  122  20:20  Marauder x2  
  112  20:40  Terran Vehicle Weapons Level 3  
  112  20:41  Terran Infantry Armor Level 3  
  112  20:42  Terran Vehicle And Ship Armor Level 2  
  110  20:45  Marauder x3  
  110  20:46  Marine x3  
  110  20:47  Marine x5  
  124  21:01  Medivac x2  
  128  21:05  Siege Tank  
  128  21:06  Marauder, Siege Tank  
  128  21:07  Siege Tank, Marauder x2  
  128  21:10  Marine x4  
  147  21:28  Marauder x3  
  147  21:31  Medivac x2  
  153  21:49  Marauder x3  
  107  22:27  Marine  
  107  22:28  Marine x7  
  107  22:29  Marauder x3  
  107  22:31  Siege Tank x3  
  112  22:45  Marine  
  112  22:46  Marine x5  
  112  22:49  Marine  
  112  22:50  Marine, Marauder x2  
  112  22:51  Marauder  
  120  23:03  Siege Tank x2  
  117  23:07  Viking  
  117  23:11  Marauder  
  117  23:12  Marauder x2  
  125  23:27  Terran Vehicle And Ship Armor Level 3  
  125  23:32  Widow Mine  
  125  23:33  Marauder x2  
  131  23:35  Widow Mine  
  133  24:35  Marine x5  
  133  24:36  Marine, Marauder  
  133  24:37  Marauder x2  
  145  24:58  Marauder x3  
  99  25:15  Marine  
  99  25:16  Marine x7  
  99  25:19  Marauder x3  
  112  25:33  Marine  
  112  25:34  Marine x4  
  112  25:35  Marine x3  
  118  25:40  Marine x2  
  118  25:41  Marauder  
  108  25:51  Marine x2  
  98  25:58  Marine x5, Marauder  
  98  25:59  Marine, Marauder  
  98  26:02  Marauder  
  110  26:04  Orbital Command  
  110  26:10  Medivac x2  
  108  26:20  Marauder x2  
  108  26:22  Siege Tank x2  
  118  26:25  Siege Tank  
  121  26:47  Marine x7  
  121  26:51  Command Center  
  121  26:53  Command Center  
  128  26:55  Liberator  
  128  26:57  Liberator  
  128  26:59  Siege Tank  
  128  27:00  Siege Tank  
  140  27:02  Siege Tank  
  140  27:03  Marine x2  
  140  27:04  Marauder  
  140  27:05  Marauder  
  149  27:20  Marine, Sensor Tower  
  149  27:21  Marine x5  
  149  27:22  Marine, Marauder  
  158  27:25  Marauder  
  158  27:26  Marauder  
  162  27:31  Supply Depot, Sensor Tower  
  162  27:43  Marauder  
  151  28:50  Marine x4  
  151  28:51  Marine x3, Marauder x3  
  132  29:09  Marine x4  
  119  29:10  Marine  
  119  29:12  Marauder x3  
  123  29:17  Marine  
  123  29:18  SCV  
  125  29:33  Marauder  
  125  29:34  Marauder x2  
  131  29:41  Marine x3  
  131  29:42  Marine x5  
  131  29:44  Siege Tank x3  
  147  29:45  Viking  
  147  29:46  Viking  
  151  29:55  Marauder x3  
  151  29:59  Marine x3  
  132  30:15  Viking  
  132  30:16  Siege Tank x2, Marauder x2, Viking  
  132  30:17  Marauder  
  132  30:19  Marine  
  132  30:20  Marine  
  128  30:38  Marauder x3  
  113  30:59  Marauder x2  
  108  31:04  Marine x3  
  108  31:05  Marine, Marauder  
  108  31:08  Medivac x2  
  109  31:11  Siege Tank  
  109  31:12  Siege Tank x2  
  109  31:15  SCV  
  109  31:16  Marine x3  
  109  31:17  Marine  
  123  31:20  Marauder  
  123  31:21  Marauder  
  123  31:22  Marine x4  
  131  31:26  Planetary Fortress, Marauder  
  133  31:38  Medivac x2, Marine  
  133  31:39  Marine x4  
  141  31:40  Marine x2  
  141  31:42  Marauder x2  
  141  31:44  Siege Tank  
  151  31:47  Marauder  
  153  31:54  Planetary Fortress  
  153  31:57  Refinery  
  153  31:59  SCV x3  
  156  32:03  Marauder x2  
  160  32:08  Marine  
  160  32:09  Marine x6, Marauder  
  160  32:10  Marine  
  160  32:13  Siege Tank  
  160  32:15  Siege Tank  
  176  32:17  Medivac  
  176  32:18  Medivac  
  180  32:23  SCV x3  
  180  32:24  Marauder  
  180  32:25  Marauder  
  180  32:26  Marine x2  
  180  32:27  Marine x4  
  193  32:30  Marauder  
  193  32:35  Marine x2, SCV x2  
  193  32:36  SCV  
  200  32:59  Refinery  
  200  33:02  Refinery  
  134  34:08  Marine  
  134  34:09  Marine x5, Marauder x3  
  137  34:22  Marine  
  137  34:23  Marine  
  139  34:25  Siege Tank x2  
  139  34:26  Marine x2, Viking  
  139  34:30  Marauder  
  139  34:31  Marauder x2  
  153  34:37  Marine  
  153  34:38  Marine  
  155  34:50  Marine, SCV  
  155  34:51  Marine x4  
  155  34:52  Marine, Marauder x3  
  168  34:55  Marine  
  168  34:56  Marine, Viking  
  168  34:57  Siege Tank x2  
  178  35:00  SCV  
  179  35:07  Marine  
  179  35:09  Marine x5  
  179  35:13  Marine, Marauder x2  
  179  35:14  Marine, Marauder  
  193  35:25  Marine, Viking  
  193  35:26  Marine  
  197  35:29  Siege Tank  
  200  36:01  Siege Tank  
  196  36:33  Siege Tank  
  187  37:02  Widow Mine  
  187  37:03  Widow Mine, Marine  
  187  37:04  Marine x7  
  187  37:05  Marine  
Tags
 
Add a new tag
Caveats
  • Supply blocks, unpowered buildings, or Contaminate may cause inaccurate times.
  • Supply counts are checked every 10 seconds.